 Dungeon Sprint DCSS version 0.19.5 (webtiles) character file.

143 equalderp2856 the Frost Mage (level 5, 0/28 HPs)
             Began as a Deep Elf Ice Elementalist on Apr 2, 2017.
             Was an Initiate of Gozag.
             Killed from afar by a deep elf mage (28 damage)
             ... with a bolt of fire
             ... in the Dungeon (Sprint VII: "The Pits").
             The game lasted 00:02:33 (474 turns).

equalderp2856 the Frost Mage (DEIE)                  Turns: 474, Time: 00:02:35

Health: 0/28       AC:  2    Str:  6    XL:     5   Next: 4%
Magic:  8/16       EV: 14    Int: 20    God:    Gozag
Gold:   432        SH:  0    Dex: 15    Spells: 5 memorised, 4 levels left

rFire  . . .     SeeInvis .       - Unarmed
rCold  . . .     Gourm    .     a - +0 robe
rNeg   . . .     Faith    .     (no shield)
rPois  .         Spirit   .     (no helmet)
rElec  .         Reflect  .     (no cloak)
rCorr  .         Harm     .     (no gloves)
MR     .....     NoTele   +     (no boots)
Stlth  +++.......               (no amulet)
                                (no ring)
                                (no ring)

@: very slightly contaminated
A: no striking features
a: Potion Petition, Call Merchant, Bribe Branch, Renounce Religion


You were in the Dungeon.
You worshipped Gozag.
Gozag was aware of your devotion.
You were not hungry.

You visited 1 branch You collected 432 gold pieces.

Inventory:

Hand Weapons
 j - a +2 quarterstaff
 k - a +2 falchion
 l - a +2 trident
 m - a +2 mace
 n - a +2 dagger
 o - a +2 hand axe
 v - a +1 dagger of venom
 w - a +0 flail of protection
 x - a +0 long sword of holy wrath
 y - a +0 trident of piercing
 z - a +1 hand axe of chopping
 A - a +1 quarterstaff of speed
 D - a +0 club
 E - a +0 dagger
Missiles
 F - 10 stones (quivered)
Armour
 a - a +0 robe (worn)
 B - a +3 chain mail
 C - a +3 chain mail
Magical Staves
 G - an uncursed staff of energy
Scrolls
 i - a scroll of blinking
 q - 3 scrolls of remove curse
 r - 5 scrolls of amnesia
 s - a scroll of summoning
 H - 2 scrolls of vulnerability
Potions
 d - 6 potions of curing
 e - 6 potions of heal wounds
 f - a potion of haste
 g - 3 potions of magic
 h - 3 potions of berserk rage
 p - 2 potions of invisibility
Books
 b - a book of Frost

   Spells                             Type                      Level
   a - Freeze                         Ice                          1
   b - Throw Frost                    Conjuration/Ice              2
   c - Ozocubu's Armour               Charms/Ice                   3
   d - Throw Icicle                   Conjuration/Ice              4
   e - Summon Ice Beast               Ice/Summoning                4
Comestibles
 c - 8 bread rations
 t - 40 fruits
 u - 7 meat rations


   Skills:
 + Level 4.2 Dodging
 + Level 4.4 Stealth
 + Level 2.8 Unarmed Combat
 + Level 7.1 Spellcasting
 + Level 1.1 Conjurations
 + Level 8.1 Ice Magic


You had 4 spell levels left.
You knew the following spells:

 Your Spells              Type           Power        Failure   Level  Hunger
a - Freeze                Ice            ####         1%          1    None
b - Throw Frost           Conj/Ice       ####..       2%          2    None
c - Ozocubu's Armour      Chrm/Ice       ###.....     8%          3    #......
d - Throw Icicle          Conj/Ice       ####....     17%         4    ###....
e - Summon Ice Beast      Ice/Summ       ###.....     21%         4    ###....


Dungeon Overview and Level Annotations

Branches:
Dungeon (1/1)

Altars:
Ashenzari
Cheibriados
Dithmenos
Elyvilon
Fedhas
Gozag
Hepliaklqana
Kikubaaqudgha
Makhleb
Nemelex Xobeh
Okawaru
Qazlal
Ru
Sif Muna
Trog
Uskayaw
Vehumet
Xom
Yredelemnul
Zin
The Shining One
Beogh
Jiyva
Lugonu

Annotations:
D Purgy


Message History

You close the door.
Magic courses through your body.
You start waiting.
A deep elf mage opens the door.
It is wielding a long sword.
Casting: Summon Ice Beast
Confirm with . or Enter, or press ? or * to list all spells.
Aiming: Throw Icicle
Press: ? - help, Shift-Dir - straight line, f/p - deep elf mage
Aim: a deep elf mage, wielding a long sword (black smoke, moderately wounded)
You miscast Throw Icicle.
You are very lightly contaminated with residual magic.
Nothing appears to happen.
Casting: Throw Icicle
Confirm with . or Enter, or press ? or * to list all spells.
A chill wind blows around you. The deep elf mage casts a spell at you.
The bolt of fire hits you!
Ouch! That really hurt!
You die...
Your body crumbles into a pile of gold.

############
#__________#
#__________#
#____#####'########
######...#.##......
#....'...'.##......
##########.##......
#.@Y........'......
#e#####'#####......
#.#.....#..##......
#ยง#.....#..#####'##
#.###'###..##......
#.#.....#..##......
#.#.....#..##......
#.####'##'###...<..
#.#........##......


You could see a deep elf mage and a friendly ice beast.

Vanquished Creatures
  A floating eye (D)
  An iron imp (D)
  A river rat (D)
  An ooze (D)
  A bat (D)
  A giant cockroach (D)
  A goblin (D)
  A hobgoblin (D)
  A frilled lizard (D)
9 creatures vanquished.

Notes
Turn   | Place    | Note
-------+----------+-------------------------------------------
     0 | D        | equalderp2856 the Deep Elf Ice Elementalist began the quest for the Orb.
     0 | D        | Reached XP level 1. HP: 10/10 MP: 6/6
    16 | D        | Reached skill level 4 in Ice Magic
    50 | D        | Found a radiant altar of Vehumet.
    50 | D        | Found a hide-covered altar of Uskayaw.
    50 | D        | Found an ancient bone altar of Kikubaaqudgha.
    50 | D        | Found a viscous altar of Jiyva.
    50 | D        | Found a hazy altar of Hepliaklqana.
    51 | D        | Found a bloodstained altar of Trog.
    51 | D        | Found a deep blue altar of Sif Muna.
    51 | D        | Found a sacrificial altar of Ru.
    51 | D        | Found a stormy altar of Qazlal.
    51 | D        | Found an iron altar of Okawaru.
    51 | D        | Found a sparkling altar of Nemelex Xobeh.
    51 | D        | Found an opulent altar of Gozag.
    51 | D        | Found a blossoming altar of Fedhas.
    51 | D        | Found a white marble altar of Elyvilon.
    51 | D        | Found a shadowy altar of Dithmenos.
    51 | D        | Found a snail-covered altar of Cheibriados.
    52 | D        | Found a glowing golden altar of the Shining One.
    52 | D        | Found a glowing silver altar of Zin.
    53 | D        | Found a burning altar of Makhleb.
    53 | D        | Found a basalt altar of Yredelemnul.
    53 | D        | Found a roughly hewn altar of Beogh.
    54 | D        | Found a corrupted altar of Lugonu.
    54 | D        | Found a shimmering altar of Xom.
    54 | D        | Found a shattered altar of Ashenzari.
    57 | D        | Became a worshipper of Gozag Ym Sagoz the Greedy
   105 | D        | Reached skill level 5 in Ice Magic
   105 | D        | Reached XP level 2. HP: 15/15 MP: 6/9
   160 | D        | Noticed a floating eye
   171 | D        | Paralysed by a floating eye for 2 turns
   175 | D        | Paralysed by a floating eye for 3 turns
   190 | D        | Killed a floating eye
   190 | D        | Reached skill level 7 in Ice Magic
   190 | D        | Reached XP level 3. HP: 19/19 MP: 10/13
   190 | D        | Reached XP level 4. HP: 24/24 MP: 10/14
   242 | D        | Learned a level 2 spell: Throw Frost
   246 | D        | Learned a level 3 spell: Ozocubu's Armour
   251 | D        | Learned a level 4 spell: Throw Icicle
   256 | D        | Learned a level 4 spell: Summon Ice Beast
   283 | D        | Reached skill level 8 in Ice Magic
   283 | D        | Reached XP level 5. HP: 28/28 MP: 9/16
   420 | D        | Noticed a wolf
   420 | D        | Noticed a deep elf mage
   420 | D        | Noticed Purgy
   431 | D        | Noticed a fire elemental
   474 | D        | Killed from afar by a deep elf mage

Skill      XL: |  1  2  3  4 |
---------------+-------------+-----
Ice Magic      | 5 7 8 |  8.1
Dodging        | 3 4 |  4.2
Spellcasting   | 4 6 7 |  7.1
Stealth        | 4 |  4.4
Unarmed Combat | 2 |  2.8
Conjurations   | |  1.1

Action                   |  1- 3 |  4- 6 || total
-------------------------+-------+-------++-------
Melee: Unarmed           |    24 |       ||    24
 Cast: Freeze            |     9 |    11 ||    20
       Summon Ice Beast  |       |     2 ||     2
       Throw Icicle      |       |     2 ||     2
  Use: Potion            |       |     1 ||     1
 Stab: Sleeping          |     1 |       ||     1
Armor: Robe              |     1 |       ||     1
Dodge: Dodged            |     3 |     4 ||     7
